General information
- name: BNet
- type: Ladder 1vs1/FFA
- host: Battle.net
- saver: DIRTMCGIRT
map: GnollWood
- players: 2
- length: 11:33
- speed: Fast
- version: 1.21 W3XP
- replay type: Public
» download(36 KB)
Players
team 1 (winner)

»
DIRTMCGIRT (
orange | 91 APM | 1056 actions | 11:33)
4 Far Seer
2 Feral Spirit
2 Chain Lighting
2 Tauren Chieftain
1 Shockwave
1 Endurance Aura
» actions
| Assign group hotkey | 11 | |
| Build / train | 48 | |
| ESC pressed | 1 | |
| Enter build submenu | 11 | |
| Enter hero's abilities submenu | 6 | |
| Give item / drop item | 1 | |
| Remove unit from queue | 2 | |
| Right click | 537 | |
| Select / deselect | 294 | |
| Select group hotkey | 102 | |
| Use ability | 43 | |
1056 total
» units
| Peon | 6 | |
| Grunt | 6 | |
| Raider | 10 | |
| Wind Rider | 3 | |
25 total
» upgrades
| Pillage | 1 | |
| Ensnare | 1 | |
| Berserker Strength | 1 | |
3 total
» buildings
| Altar of Storms | 1 | |
| Orc Burrow | 5 | |
| Barracks | 1 | |
| Voodoo Lounge | 1 | |
| Stronghold | 2 | |
| War Mill | 1 | |
| Beastiary | 2 | |
13 total
» build order
00:07 Altar of Storms
00:14 Orc Burrow
00:29 Barracks
01:31 Voodoo Lounge
01:55 Orc Burrow
03:14 Stronghold
03:55 Orc Burrow
04:29 War Mill
05:00 Orc Burrow
05:53 Beastiary
07:19 Beastiary
08:03 Orc Burrow
» items
| Healing Salve | 2 | |
| Lesser Clarity Potion | 2 | |
| Scroll of Town Portal | 1 | |
5 total
team 2 (loser)

»
Maxdanger (
purple | 54 APM | 624 actions | 11:30)
3 Archmage
2 Summon Water Elemental
1 Brilliance Aura
» actions
| Basic commands | 9 | |
| Build / train | 40 | |
| Enter build submenu | 13 | |
| Enter hero's abilities submenu | 3 | |
| Remove unit from queue | 2 | |
| Right click | 408 | |
| Select / deselect | 123 | |
| Use ability | 26 | |
624 total
» units
» upgrades
| Lumber Harvesting | 1 | |
| Masonry | 1 | |
| Long Rifles | 0 | |
| Swords | 1 | |
| Armor | 1 | |
| Storm Hammers | 1 | |
5 total
» buildings
| Altar of Kings | 1 | |
| Farm | 6 | |
| Barracks | 1 | |
| Lumber Mill | 2 | |
| Scout Tower | 1 | |
| Arcane Tower | 1 | |
| Keep | 1 | |
| Blacksmith | 1 | |
| Castle | 1 | |
| Gryphon Aviary | 1 | |
16 total
» build order
00:23 Altar of Kings
00:38 Farm
00:39 Farm
01:00 Barracks
01:35 Lumber Mill
01:44 Lumber Mill
01:57 Scout Tower
02:32 Arcane Tower
03:23 Keep
03:38 Farm
03:39 Farm
05:04 Farm
05:05 Farm
07:18 Blacksmith
07:25 Castle
07:57 Gryphon Aviary
Chat log
(00:09 / All) DIRTMCGIRT: gl hf
(00:12 / All) Maxdanger: you too
(00:40 / All) DIRTMCGIRT: u any good?
(00:43 / All) Maxdanger: nah
(00:44 / All) Maxdanger: lol
(00:45 / All) DIRTMCGIRT: same
(00:53 / All) DIRTMCGIRT: too high for dis gam
(07:47 / All) DIRTMCGIRT: lol
(11:03 / All) DIRTMCGIRT: gg
(11:09 / All) Maxdanger: yeah
(11:14 / All) DIRTMCGIRT: it was rough
(11:20 / All) DIRTMCGIRT: im sweatin bullets over here lol